 Dungeon Crawl Stone Soup version 0.29.1-13-g9f3cf754e1 (webtiles) character file.

Game seed: 15883794328757048014

424 MisterFreud the Ducker (level 6, 0/28 HPs)
             Began as a Felid Berserker on Feb 8, 2023.
             Was a Priest of Trog.
             Slain by a worm (8 damage)
             ... on level 5 of the Dungeon.
             The game lasted 00:03:46 (4581 turns).

MisterFreud the Ducker (Felid Berserker)            Turns: 4581, Time: 00:03:46

Health: 0/28       AC:  2    Str: 13    XL:     6   Next: 64%
Magic:  7/7        EV: 21    Int:  8    God:    Trog [***...]
Gold:   118        SH:  0    Dex: 20    Spells: 5/5 levels left
                                        Lives:  0   Deaths: 1

rFire   . . .      SeeInvis +     - Unarmed
rCold   . . .      Faith    .   (shield unavailable)
rNeg    . . .      Spirit   .   (body armour unavailable)
rPois   .          Reflect  .   (helmet unavailable)
rElec   .          Harm     .   (cloak unavailable)
rCorr   .          Rampage  .   (gloves unavailable)
Will    .....                   (boots unavailable)
Stlth   ++++......              (no amulet)
HPRegen 0.09/turn               (no ring)
MPRegen 0.10/turn               (no ring)

@: quick
A: very small, claws 1, fangs 3, see invisible, speed 1, shaggy fur 2, stealthy
paws, no weapons or thrown items, no armour, multi-lived, thin skeletal
structure 1
a: Renounce Religion, Berserk, Trog's Hand


You were on level 5 of the Dungeon.
You worshipped Trog.
Trog was most pleased with you.
You visited 1 branch of the dungeon, and saw 5 of its levels.

You collected 118 gold pieces.

Inventory:

Jewellery
 j - an amulet of guardian spirit
 k - a +6 ring of intelligence
 p - a +6 ring of intelligence
 t - an amulet of faith
Scrolls
 b - a scroll of noise {unknown}
 e - a scroll of poison
 f - 2 scrolls of teleportation
 i - 2 scrolls of fear {unknown}
 l - a scroll of butterflies {unknown}
 m - 5 scrolls of identify
Potions
 a - a potion of flight
 c - 3 potions of degeneration {unknown}
 d - a potion of magic {unknown}
 g - a potion of heal wounds {unknown}
 h - 3 potions of curing {unknown}
 n - a potion of lignification {unknown}
 o - 2 potions of mutation
 q - 2 potions of resistance {unknown}
 r - a potion of might {unknown}
 s - a potion of berserk rage {unknown}
 u - a potion of brilliance {unknown}
 v - 2 potions of ambrosia {unknown}


   Skills:
 - Level 3.0 Fighting
 + Level 6.3 Dodging
 - Level 6.0 Stealth
 - Level 6.0 Unarmed Combat


You had 5 spell levels left.
You didn't know any spells.
Your spell library was empty.

Dungeon Overview and Level Annotations

Branches:
Dungeon (5/15)
 Temple: D:4-7

Altars:
Nemelex Xobeh
Zin

Shops:
D:2 [   D:4 [(([

Annotations:
D:3 3 runed translucent doors, protoss039's ghost, weakling DsEE


Innate Abilities, Weirdness & Mutations

You have sharp claws.
You have razor-sharp teeth.
You have supernaturally acute eyesight. (SInv)
You cover ground quickly. (Speed+)
You are covered in thick fur. (AC +2)
Your paws help you pounce on unaware monsters.
You are incapable of wielding weapons or throwing items.
You cannot wear armour.
You gain extra lives every three experience levels.
You have a somewhat thin skeletal structure. (Dex +2, Stealth+)


Message History

You closely miss the gnoll.
The gnoll is severely wounded.
The gnoll closely misses you.
You scratch the gnoll.
You kill the gnoll!
Trog accepts your kill.
Your Dodging skill increases to level 6!
You scratch the gnoll.
The gnoll is heavily wounded.
The gnoll closely misses you.
You claw the gnoll!
You kill the gnoll!
Trog accepts your kill.
You scratch the gnoll.
The gnoll is moderately wounded.
You scratch the gnoll but do no damage. Your claw misses the gnoll.
The gnoll is moderately wounded.
The gnoll closely misses you.
You scratch the gnoll.
The gnoll is severely wounded.
The gnoll completely misses you.
You claw the gnoll!
You kill the gnoll!
Trog accepts your kill.
You claw the gnoll! Your bite misses the gnoll.
The gnoll is heavily wounded.
The gnoll hits you with a +0 flail!
You scratch the gnoll but do no damage.
The gnoll is heavily wounded.
The gnoll barely misses you.
You scratch the gnoll.
The gnoll is almost dead.
The gnoll hits you with a +0 flail!
* * * LOW HITPOINT WARNING * * *
You claw the gnoll!
You kill the gnoll!
Trog accepts your kill.
You are too injured to fight recklessly!
The worm bites you!
You die...

8. . .######### ##
#........#
..##........#
...8......#
#).......# #..# #.#
.# +#g####@###..###
#.....w.......#
#.............#
####.........##
####..........#
+###.....######....
#...:....# ....
##.......# .##
..........# .


You could see a worm.

Vanquished Creatures
  A water moccasin (D:3)
  A black bear (D:4)
  A bullfrog (D:4)
  A hound (D:4)
  Crazy Yiuf (D:2)
  A gnoll bouda (D:5)
  2 orc wizards (D:2)
  7 adders
  4 gnolls (D:5)
  A worm (D:3)
  3 dart slugs
  7 orcs
  3 ball pythons
  8 endoplasms
  4 giant cockroaches
  6 hobgoblins
  5 jackals
  12 kobolds
  5 quokkas
  2 bats
  A frilled lizard (D:3)
  9 goblins
  6 rats
91 creatures vanquished.

Notes
Turn   | Place    | Note
-------+----------+-------------------------------------------
     0 | D:1      | MisterFreud the Felid Berserker began the quest for the
                  | Orb.
     0 | D:1      | Reached XP level 1. HP: 10/10 MP: 2/2
   183 | D:1      | Reached skill level 1 in Stealth
   356 | D:1      | Reached XP level 2. HP: 5/14 MP: 3/3
   900 | D:1      | Reached XP level 3. HP: 17/17 MP: 4/4
  1027 | D:1      | Reached ** piety under Trog
  1576 | D:2      | Found Useumm's Armour Shop.
  1938 | D:2      | Found a runed translucent door.
  1939 | D:2      | Noticed Crazy Yiuf
  2062 | D:2      | You fall into a shaft and drop 1 floor!
  2296 | D:3      | Reached XP level 4. HP: 21/21 MP: 5/5
  2300 | D:3      | Found a faded altar of an unknown god.
  2337 | D:3      | Noticed protoss039's ghost (weakling DsEE)
  2362 | D:3      | Found a runed translucent gate.
  2362 | D:3      | Found a runed translucent gate.
  2362 | D:3      | Found a runed translucent gate.
  2901 | D:2      | Reached XP level 5. HP: 24/24 MP: 6/6
  3271 | D:2      | Killed Crazy Yiuf
  3272 | D:2      | Reached skill level 5 in Stealth
  3369 | D:3      | Noticed a water moccasin
  3378 | D:3      | Killed a water moccasin
  3379 | D:3      | Reached skill level 5 in Unarmed Combat
  3379 | D:3      | Gained mutation: You are covered in thick fur. (AC +2)
                  | [Felid growth]
  3379 | D:3      | Reached XP level 6. HP: 18/28 MP: 7/7
  3845 | D:4      | Gained mutation: You have a somewhat thin skeletal
                  | structure. (Dex +2, Stealth+) [potion of mutation]
  3845 | D:4      | Slain by a black bear
  3846 | D:4      | Reached XP level 5. HP: 0/24 MP: 6/6
  3868 | D:4      | Found a glowing silver altar of Zin.
  3876 | D:4      | Reached *** piety under Trog
  3900 | D:4      | Killed a black bear
  3901 | D:4      | Reached XP level 6. HP: 12/28 MP: 7/7
  4139 | D:4      | Found Qulubb's Antique Armour Emporium.
  4167 | D:4      | Found Cytseema's Weapon Emporium.
  4203 | D:4      | Found Telucus's Antique Weapon Shoppe.
  4270 | D:4      | Reached skill level 5 in Dodging
  4427 | D:4      | Found a sparkling altar of Nemelex Xobeh.
  4515 | D:4      | Found Mout's Armour Shop.
  4536 | D:5      | Entered Level 5 of the Dungeon
  4581 | D:5      | Slain by a worm

Illustrated notes

Levels and vault maps discovered:
D:1:      lightli_arrival_lavapool, layout_basic
D:2:      layout_basic, serial_shops, nicolae_square_shop,
          uniq_crazy_yiuf_cottage
D:3:      layout_basic, gammafunk_ghost_icy,
          shapermc_ecumenical_altar_rom_forum, kennysheep_another_room
D:4:      layout_rooms, nemelex_spade_bored_becter, mainiacjoe_overflow_catwalk,
          serial_shops, kennysheep_mini, nicolae_stop_n_shop_2,
          nicolae_shop_behind_doors, shop, minmay_misc_feat_secret_circle
D:5:      layout_gridville, minmay_temple_entry_mini_moons, grunt_ministairs_4,
          grunt_decor_fettered, hangedman_abyss_or_decor_stagger,
          hangedman_decor_growths, minmay_crystal_water, fountainhead

Skill      XL: |  1  2  3  4  5  6 |
---------------+-------------------+-----
Stealth        | 1 2 3 4 6 |  6.0
Unarmed Combat | 4 6 |  6.0
Dodging        | 6 |  6.3
Fighting       | |  3.0

Action                   |  1- 3 |  4- 6 || total
-------------------------+-------+-------++-------
Melee: Unarmed           |    99 |   105 ||   204
       Bite              |     6 |     8 ||    14
       Punch             |     2 |     3 ||     5
Invok: Berserk           |     2 |     4 ||     6
  Use: Scroll            |     6 |       ||     6
       Potion            |       |     1 ||     1
 Stab: Sleeping          |     8 |    16 ||    24
       Distracted        |     1 |       ||     1
Armor: Skin              |     4 |     3 ||     7
Dodge: Dodged            |    63 |    66 ||   129
